 Dungeon Crawl Stone Soup version 0.27-a0-1078-g0d77da13b5 (webtiles) character file.

Game seed: 15918845384441018864

378 Hnefi the Firebug (level 6, -1/44 HPs)
             Began as a Demonspawn Fire Elementalist on Apr 23, 2021.
             Was a Follower of Vehumet.
             Slain by a scorpion (3 damage)
             ... on level 4 of the Dungeon on Apr 25, 2021.
             The game lasted 00:30:11 (4462 turns).

Hnefi the Firebug (Demonspawn Fire Elementalist)    Turns: 4462, Time: 00:30:12

Health: -1/44      AC:  5    Str:  8    XL:     6   Next: 45%
Magic:  8/11       EV: 12    Int: 18    God:    Vehumet [*.....]
Gold:   149        SH:  0    Dex: 14    Spells: 1/12 levels left

rFire    . . .     SeeInvis .   k - +4 quarterstaff (chaos)
rCold    . . .     Faith    .   (shield currently unavailable)
rNeg     . . .     Spirit   .   a - +0 robe
rPois    .         Reflect  .   (no helmet)
rElec    .         Harm     .   f - +0 cloak
rCorr    .         Rampage  .   (no gloves)
Will     .....                  (no boots)
Stlth    ++........             (no amulet)
HPRegen  0.14/turn              d - +4 ring of slaying
MPRegen  0.12/turn              (no ring)

@: no status effects
A: talons 1, icy blue scales 1, powered by death 1, demonic magic 1
a: Renounce Religion


You were on level 4 of the Dungeon.
You worshipped Vehumet.
Vehumet was aware of your devotion.
You visited 1 branch of the dungeon, and saw 4 of its levels.

You collected 149 gold pieces.

Inventory:

Hand Weapons
 k - a +4 quarterstaff of chaos (weapon)
Armour
 a - a +0 robe (worn)
 f - a +0 cloak (worn)
Jewellery
 d - a +4 ring of slaying (left hand)
Scrolls
 c - a scroll of enchant weapon
 g - a scroll of identify
 h - 2 scrolls of noise {unknown}
Potions
 e - 2 potions of flight
 i - a potion of heal wounds
 j - 2 potions of attraction {unknown}


   Skills:
 + Level 2.2 Fighting
 - Level 1.0 Axes
 + Level 0.8 Staves
 + Level 2.7 Dodging
 - Level 1.7 Stealth
 * Level 3.5 Spellcasting
 + Level 2.0 Conjurations
 * Level 4.2 Fire Magic


You had one spell level left.
You knew the following spells:

 Your Spells              Type           Power      Damage    Failure   Level
a - Foxfire               Conj/Fire      56%        2x1d6     4%          1
b - Inner Flame           Hex/Fire       10%        N/A       19%         3
c - Blink                 Tloc           N/A        N/A       24%         2
d - Fireball              Conj/Fire      7%         3d5       75%         5

Your spell library contained the following spells:

 Spells                   Type           Power      Damage    Failure   Level
 Sandblast                Erth           6%         2d5       16%         1
 Magic Dart               Conj           40%        1d5       7%          1
 Conjure Flame            Conj/Fire      14%        6-21      13%         3
 Call Imp                 Summ           3%         N/A       24%         2
 Slow                     Hex            3%         N/A       24%         2
 Mephitic Cloud           Conj/Pois/Air  5%         N/A       34%         3
 Sticky Flame             Conj/Fire      14%        2d4       38%         4


Dungeon Overview and Level Annotations

Branches:
Dungeon (4/15)
 Temple: D:4-7

Altars:
Uskayaw
Vehumet

Shops:
D:3 (

Annotations:
D:4 Blork the orc


Innate Abilities, Weirdness & Mutations

You have sharp toenails.
You are partially covered in icy blue scales. (AC +2)
You regenerate a little health from kills.
Spells you cast may paralyse adjacent enemies.


Message History

The foxfire hits the scorpion but does no damage.
The scorpion is lightly wounded.
The scorpion completely misses you. The scorpion barely misses you.
The scorpion barely misses you.
Things that are here:
a +0 short sword; 4 stones Blork the orc mumbles some strange words.
Blork the orc seems to speed up.
Blork the orc looks encouraged for a moment.
The scorpion closely misses you.
Casting: Foxfire (safe; 4% risk of failure)
Confirm with . or Enter, or press ? or * to list all spells.
You conjure some foxfire!
Malevolent energies surge around you. The scorpion stings you!
The foxfire hits the scorpion.
The scorpion is moderately wounded.
The foxfire hits the scorpion but does no damage.
The scorpion is moderately wounded.
Blork the orc frowns.
Casting: Foxfire (safe; 4% risk of failure)
Confirm with . or Enter, or press ? or * to list all spells.
You conjure some foxfire!
Malevolent energies surge around you. The scorpion stings you!
* * * LOW HITPOINT WARNING * * *
The foxfire hits the scorpion.
The scorpion is moderately wounded.
The foxfire hits Blork the orc.
Blork the orc is lightly wounded.
Blork the orc casts a spell at you. The puff of frost hits you.
* * * LOW HITPOINT WARNING * * *
Blork the orc points at you and mumbles some strange words.
The puff of flame hits you.
* * * LOW HITPOINT WARNING * * *
Casting: Foxfire (safe; 4% risk of failure)
Confirm with . or Enter, or press ? or * to list all spells.
You conjure some foxfire!
Malevolent energies surge around you. The scorpion stings you.
You die...

#.# ##.# #.# #).# #.#
#.## # #.# #.# #. #.
##.## ###.### .g ##.#
#...# #.....# ..
#...##.>.####...o.# .#
#........##.s...##.#
##....)....v@.§..#.#
#........#.v.....#.#
#...##...###......)..#
#### #...#####.#†#.###
##....# #.....# #..#.#
###.### ##...# #.#
##.## #.# # #.# #.#


You could see Blork the orc (fast) and a scorpion (ally target).

Vanquished Creatures
  A phantom (D:4)
  An orc priest (D:4)
  Crazy Yiuf (D:3)
  A gnoll shaman (D:4)
  Jessica (D:3)
  An orc wizard (D:4)
  Robin (D:1)
  3 adders
  3 gnolls (D:3)
  A worm (D:4)
  5 dart slugs
  5 orcs
  8 ball pythons
  2 bats
  7 endoplasms
  A giant cockroach (D:2)
  12 hobgoblins
  9 kobolds
  2 quokkas
  2 frilled lizards
  12 goblins
  A quokka zombie (D:4)
  2 rats
82 creatures vanquished.

Vanquished Creatures (others)
  150 foxfires
150 creatures vanquished.

Grand Total: 232 creatures vanquished

Notes
Turn   | Place    | Note
-------+----------+-------------------------------------------
     0 | D:1      | Hnefi the Demonspawn Fire Elementalist began the quest for
                  | the Orb.
     0 | D:1      | Reached XP level 1. HP: 13/13 MP: 3/3
     0 | D:1      | Upgraded the game from 0.27-a0-1065-ge809cff456 to
                  | 0.27-a0-1078-g0d77da13b5
   514 | D:1      | Gained mutation: You regenerate a little health from kills.
                  | [demonic ancestry]
   514 | D:1      | Reached XP level 2. HP: 18/20 MP: 5/5
   546 | D:1      | Reached skill level 3 in Fire Magic
  1270 | D:1      | Reached XP level 3. HP: 25/25 MP: 6/6
  1281 | D:1      | Learned a level 3 spell: Inner Flame
  1507 | D:2      | Found a radiant altar of Vehumet.
  1524 | D:2      | Reached skill level 1 in Fighting
  1550 | D:2      | Became a worshipper of Vehumet
  1596 | D:2      | Learned a level 2 spell: Blink
  1824 | D:2      | Reached skill level 1 in Axes
  2604 | D:3      | Noticed Robin
  2609 | D:2      | Gained mutation: You have sharp toenails. [demonic
                  | ancestry]
  2609 | D:2      | Reached XP level 4. HP: 31/32 MP: 5/7
  2833 | D:1      | Killed Robin
  2880 | D:3      | Found Poifruyhism's Weapon Shop.
  2895 | D:3      | Reached * piety under Vehumet
  2895 | D:3      | Offered knowledge of Sandblast by Vehumet.
  2965 | D:3      | Noticed Jessica
  2969 | D:3      | Killed Jessica
  3033 | D:3      | Found a hide-covered altar of Uskayaw.
  3158 | D:3      | Gained mutation: You are partially covered in icy blue
                  | scales. (AC +2) [demonic ancestry]
  3158 | D:3      | Reached XP level 5. HP: 25/37 MP: 6/9
  3483 | D:3      | Found a runed translucent door.
  3484 | D:3      | Noticed Crazy Yiuf
  3512 | D:3      | Killed Crazy Yiuf
  3800 | D:3      | Reached skill level 4 in Fire Magic
  4081 | D:4      | Noticed a phantom
  4095 | D:4      | Killed a phantom
  4096 | D:4      | Gained mutation: Spells you cast may paralyse adjacent
                  | enemies. [demonic ancestry]
  4096 | D:4      | Reached XP level 6. HP: 15/44 MP: 8/11
  4414 | D:4      | Learned a level 5 spell: Fireball
  4438 | D:4      | Noticed Blork the orc
  4461 | D:4      | HP: 2/44 [Blork the orc/puff of flame (1)]
  4462 | D:4      | Slain by a scorpion

Illustrated notes

Levels and vault maps discovered:
D:1:      tarquinn_simple_flora_water_a, layout_basic, minmay_shallow_snake_nest
D:2:      layout_loops_ring, basic_altar
D:3:      layout_basic, nicolae_uskayaw_murder_on_the_dancefloor, serial_shops,
          shop, uniq_jessica, uniq_crazy_yiuf_cottage, uniq_robin
D:4:      layout_loops_ring, minmay_fractal_squares_diagonal_5, uniq_eustachio,
          uniq_sigmund, uniq_blork_the_orc

Skill      XL: |  1  2  3  4  5  6 |
---------------+-------------------+-----
Fire Magic     | 3 4 |  4.2
Dodging        | 2 |  2.7
Fighting       | 1 2 |  2.2
Axes           | 1 |  1.0
Spellcasting   | 3 |  3.5
Conjurations   | 2 |  2.0
Staves         | |  0.8
Stealth        | |  1.7

Action                   |  1- 3 |  4- 6 || total
-------------------------+-------+-------++-------
Melee: Hand axe          |    62 |    28 ||    90
       Kick              |       |     5 ||     5
       Quarterstaff      |       |    27 ||    27
 Cast: Foxfire           |    24 |    61 ||    85
       Inner Flame       |     1 |       ||     1
  Use: Scroll            |       |     2 ||     2
       Potion            |       |     2 ||     2
 Stab: Sleeping          |     4 |     2 ||     6
       Paralysed         |       |     3 ||     3
Armor: Robe              |    12 |    18 ||    30
Dodge: Dodged            |    47 |    68 ||   115

Table legend: (Time is in decaauts)
 A = Elapsed time spent in this place.
 B = Non-inter-level travel time spent in this place.
 C = Inter-level travel time spent in this place.
 D = Time resting spent in this place.
 E = Time spent auto-exploring this place.
 F = Levels seen in this place.
 G = Mean time per level.
                   A        B        C        D        E       F      G
               +--------+--------+--------+--------+--------+-----+--------+
         Total |   4495 |   4451 |     44 |     71 |   3099 |   4 | 1123.8 |
       Dungeon |   4495 |   4451 |     44 |     71 |   3099 |   4 | 1123.8 |
               +--------+--------+--------+--------+--------+-----+--------+

Top non-repeatable levels by time:
     D:1: 1688 daAuts
     D:2: 1203 daAuts
     D:3: 946 daAuts
     D:4: 657 daAuts
